 Dungeon Crawl Stone Soup version 0.30.0-17-ge0270778cf (webtiles) character file.

Game seed: 1037219314480193691

222 RascalDebosk the Magician (level 6, -4/43 HPs)
             Began as a Djinni Conjurer on May 21, 2023.
             Slain by Edmund
             ... wielding a +1 dire flail of protection
              (8 damage)
             ... on level 4 of the Dungeon on May 22, 2023.
             The game lasted 00:16:53 (2459 turns).

RascalDebosk the Magician (Djinni Conjurer)         Turns: 2459, Time: 00:16:53

Health: -4/43      AC:  2    Str:  6    XL:     6   Next: 19%
Gold:   138        EV: 12    Int: 22    God:
                   SH:  0    Dex: 11

rFire   + + .        m - +0 rapier (venom)
rCold   x . .        (no shield)
rNeg    . . .        a - +0 robe
rPois   ∞            (no helmet)
rElec   .            (no cloak)
rCorr   .            (no gloves)
SInv    .            (boots unavailable)
Will    .....        (no amulet)
Stlth   ++           (no ring)
HPRegen 0.27/turn    (no ring)
MPRegen 0.00/turn

%: infuse magic (-5 HP)
@: flying
A: sickness immunity, fire resistance 2, cold vulnerability 1, float, innate
caster, HP casting, extra vitality 1
a: no special abilities


You were on level 4 of the Dungeon.
You visited 1 branch of the dungeon, and saw 4 of its levels.

You collected 138 gold pieces.

Inventory:

Hand Weapons
 l - a +0 long sword
 m - a +0 rapier of venom (weapon)
 s - a +0 dagger
Armour
 a - a +0 robe (worn)
Wands
 j - a wand of roots (9)
Scrolls
 c - 5 scrolls of identify {unknown}
 d - 4 scrolls of teleportation {unknown}
 e - a scroll of magic mapping {unknown}
 f - a scroll of enchant armour {unknown}
 g - a scroll of poison {unknown}
Potions
 b - a potion of mutation {unknown}
 h - 2 potions of curing {unknown}
 i - a potion of brilliance {unknown}
 k - a potion of haste {unknown}


   Skills:
 * Level 1.9 Fighting
 + Level 1.2 Short Blades
 - Level 2.1 Dodging
 - Level 1.5 Stealth
 * Level 4.8 Spellcasting
 + Level 1.2 Evocations


You knew the following spells:

 Your Spells              Type           Power      Damage    Failure   Level
a - Magic Dart            Conj           100%       1d8       1%          1
b - Searing Ray           Conj           52%        2d6       1%          2
c - Dazzling Flash        Conj/Hex       52%        N/A       4%          3
d - Fulminant Prism       Conj/Hex       13%        3d9       14%         4
e - Iskenderun's Mystic   Conj/Tloc      26%        2d7       14%         4
f - Necrotise             Necr           100%       1d9       1%          1
g - Poisonous Vapours     Pois/Air       52%        N/A       1%          2
Your spell library was empty.

Dungeon Overview and Level Annotations

Branches:
Dungeon (4/15)
 Temple: D:4-7

Altars:

Shops:
D:2 [

Annotations:
D:4 Edmund


Innate Abilities, Weirdness & Mutations

You are immune to sickness and miasma.
You are immune to poison.
Your flesh is very heat resistant. (rF++)
You are vulnerable to cold. (rC-)
You float through the air rather than walking.
You learn spells naturally, not from books.
Your magical power is your life essence.
You have superior vitality. (+4 MHP)


Message History

You kill the kobold!
A hobgoblin comes into view.
Casting: Magic Dart (safe; 1% risk of failure)
Confirm with . or Enter, or press ? or * to list all spells.
Aiming: Magic Dart (safe; 1% risk of failure)
Press: ? - help, Shift-Dir - straight line, f - hobgoblin
Aim: a hobgoblin (asleep, 100% to hit)
The magic dart hits the hobgoblin.
The hobgoblin is moderately wounded.
The hobgoblin shouts!
Casting: Magic Dart (safe; 1% risk of failure)
Confirm with . or Enter, or press ? or * to list all spells.
Aiming: Magic Dart (safe; 1% risk of failure)
Press: ? - help, Shift-Dir - straight line, f/p - hobgoblin
Aim: a hobgoblin (moderately wounded, 100% to hit)
The magic dart hits the hobgoblin.
You kill the hobgoblin!
Done exploring.
Done exploring.
You see here a +0 long sword.
l - a +0 long sword (weapon)
Done exploring.
There is a stone staircase leading down here.
You fly downwards.
You hear the hiss of flowing sand.
There is an entrance to an ossuary on this level.
Hurry and find it before the portal is buried!
Edmund shouts!
Found a runed rapier and 9 gold pieces.
There is a stone staircase leading up here.
A giant cockroach comes into view.
An iguana comes into view.
Casting: Magic Dart (safe; 1% risk of failure)
Confirm with . or Enter, or press ? or * to list all spells.
The spell is quite dangerous to miscast (14% risk of failure)!
Continue anyway?
Aiming: Fulminant Prism (quite dangerous; 14% risk of failure)
Press: ? - help, Dir - move target You conjure a prism of explosive energy!
A fulminant prism comes into view.
Your fulminant prism crackles loudly.
Casting: Fulminant Prism (quite dangerous; 14% risk of failure)
Confirm with . or Enter, or press ? or * to list all spells.
The spell is quite dangerous to miscast (14% risk of failure)!
Continue anyway?
You erupt in a blast of force!
The mystic blast hits the giant cockroach!
You kill the giant cockroach!
The iguana hisses angrily.
You hear a shout!
Your fulminant prism explodes!
The blast of energy engulfs Edmund.
Edmund is lightly wounded.
You hear an angry hiss. x2
A dart slug comes into view.
Found a leather armour.
An adder comes into view.
You see here a +0 rapier of venom.
Your +0 rapier of venom begins to drip with poison!
m - a +0 rapier of venom (weapon)
Casting: Iskenderun's Mystic Blast (quite dangerous; 14% risk of failure)
Confirm with . or Enter, or press ? or * to list all spells.
Aiming: Poisonous Vapours (safe; 1% risk of failure)
Press: ? - help, Dir - move target, f - Edmund
Aim: Edmund, wielding a +1 dire flail of protection and wearing a +0 ring mail (lightly wounded) Poisonous vapours surround Edmund!
Edmund is poisoned.
The adder hisses angrily.
The dart slug launches a dart at you. The slug dart misses you.
Casting: Poisonous Vapours (safe; 1% risk of failure)
Confirm with . or Enter, or press ? or * to list all spells.
Aiming: Poisonous Vapours (safe; 1% risk of failure)
Press: ? - help, Dir - move target, f/p - Edmund
Aim: Edmund, wielding a +1 dire flail of protection and wearing a +0 ring mail (lightly wounded, poisoned) Poisonous vapours surround Edmund!
Edmund looks even sicker.
Unknown command.
Casting: Poisonous Vapours (safe; 1% risk of failure)
Confirm with . or Enter, or press ? or * to list all spells.
The spell is quite dangerous to miscast (14% risk of failure)!
Continue anyway?
You erupt in a blast of force!
The mystic blast hits the adder.
The adder is moderately wounded.
The mystic blast hits the iguana but does no damage.
The mystic blast hits Edmund but does no damage.
Edmund is lightly wounded.
Edmund hits you with a +1 dire flail of protection!
* * * LOW HITPOINT WARNING * * *
Casting: Iskenderun's Mystic Blast (quite dangerous; 14% risk of failure)
Confirm with . or Enter, or press ? or * to list all spells.
The spell is quite dangerous to miscast (14% risk of failure)!
Continue anyway?
You erupt in a blast of force!
The mystic blast hits Edmund.
Edmund is moderately wounded.
Edmund is knocked back by the mystic blast.
Edmund slams into the rock wall!
The mystic blast hits the adder!
The adder is almost dead.
The adder is knocked back by the mystic blast.
The mystic blast hits the iguana but does no damage.
* * * LOW HITPOINT WARNING * * *
The iguana bites you!
* * * LOW HITPOINT WARNING * * *
Edmund gestures with his flail.
Edmund hits you with a +1 dire flail of protection.
* * * LOW HITPOINT WARNING * * *
Edmund hits you with a +1 dire flail of protection!
You die...

....### ####.#.
$...#..#..#.......
.................#
.................##
..................#
..................##
....................
#......<.Sw.....#...
..........@.........
..#...##.#@l........
#### #.#........#
..#.##.....# ......
.....# ......#
....... .....###
.....## ###....
.....# #... w..#.#


You could see Edmund (very poisoned), an iguana, an adder and a dart slug.

Vanquished Creatures
  A phantom (D:3)
  Jessica (D:3)
  4 adders
  2 dart slugs
  3 orcs (D:3)
  7 bats
  9 endoplasms
  5 giant cockroaches
  6 goblins
  7 hobgoblins
  5 jackals (D:1)
  5 kobolds
  4 quokkas
  3 ball pythons
  5 frilled lizards
  5 rats
72 creatures vanquished.

Vanquished Creatures (others)
  2 fulminant prisms
2 creatures vanquished.

Grand Total: 74 creatures vanquished

Notes
Turn   | Place    | Note
-------+----------+-------------------------------------------
     0 | D:1      | RascalDebosk the Djinni Conjurer began the quest for the
                  | Orb.
     0 | D:1      | RascalDebosk set off with the following spells memorised:
                  | Magic Dart, Searing Ray, Dazzling Flash, Fulminant Prism,
                  | Iskenderun's Mystic Blast.
     0 | D:1      | Reached XP level 1. HP: 15/15 MP: 0/0
   121 | D:1      | Reached XP level 2. HP: 13/21 MP: 0/0
   495 | D:1      | Reached XP level 3. HP: 23/25 MP: 0/0
   495 | D:1      | Learned a level 1 spell: Necrotise
   563 | D:1      | Reached skill level 4 in Spellcasting
  1139 | D:2      | Reached XP level 4. HP: 27/31 MP: 0/0
  1667 | D:2      | Found Fabbyrik's Armour Shop.
  1826 | D:3      | Noticed Jessica
  1829 | D:3      | Killed Jessica
  1830 | D:3      | Reached XP level 5. HP: 33/36 MP: 0/0
  1830 | D:3      | Learned a level 2 spell: Poisonous Vapours
  1833 | D:3      | Noticed a phantom
  1841 | D:3      | Killed a phantom
  1842 | D:3      | Reached skill level 1 in Fighting
  1842 | D:3      | Reached skill level 1 in Short Blades
  1842 | D:3      | Reached skill level 1 in Evocations
  1842 | D:3      | Reached XP level 6. HP: 10/43 MP: 0/0
  2445 | D:4      | Noticed Edmund
  2459 | D:4      | Slain by Edmund

Illustrated notes

Levels and vault maps discovered:
D:1:      enne_arrival_octagon_isle, layout_loops_ring, reono_crystal_passage,
          minmay_misc_feat_alley, chequers_serial_rivers_micro_a,
          minmay_octomino_c4
D:2:      layout_basic, serial_shops, nicolae_shop_waterfront
D:3:      layout_rooms, chequers_hall_statues_y, uniq_jessica
D:4:      layout_cave_pools, lemuel_doored_altar, nicolae_wu_jian_glorious_leap,
          nicolae_ossuary_entry_ruins, hangedman_decor_diamond_cutter,
          nicolae_shop_i_like_small_books_too, nicolae_elevator_lobby_asterisk,
          uniq_edmund

Skill      XL: |  1  2  3  4  5 |
---------------+----------------+-----
Spellcasting   | 4 |  4.8
Fighting       | 1 |  1.9
Short Blades   | 1 |  1.2
Evocations     | 1 |  1.2
Dodging        | |  2.1
Stealth        | |  1.5

Action                     |  1- 3 |  4- 6 || total
---------------------------+-------+-------++-------
   Cast: Magic Dart        |    58 |    59 ||   117
         Searing Ray       |     2 |     3 ||     5
         Necrotise         |     1 |       ||     1
         Iskenderun's Myst |       |     5 ||     5
         Fulminant Prism   |       |     2 ||     2
         Poisonous Vapours |       |     5 ||     5
 Armour: Robe              |     2 |     1 ||     3
  Dodge: Dodged            |     1 |     4 ||     5
